 Dungeon Crawl Stone Soup version 0.18-a0-19-g8b99b3a (webtiles) character file.

161 thrall606 the Covered (level 5, -3/41 HPs)
             Began as a Demonspawn Fighter on Nov 1, 2015.
             Slain by a wight
             ... wielding a +2 dire flail
              (4 damage)
             ... on level 3 of the Dungeon.
             The game lasted 00:06:00 (1925 turns).

thrall606 the Covered (Demonspawn Fighter)          Turns: 1925, Time: 00:06:01

Health: -3/41      AC: 12    Str: 16    XL:     5   Next: 18%
Magic:  5/5        EV:  5    Int:  9    God:
Gold:   142        SH:  9    Dex: 14    Spells: 0 memorised, 4 levels left

rFire  . . .     SeeInvis .     a - +0 long sword
rCold  + . .     Clarity  .     u - +0 chain mail
rNeg   . . .     SustAt   .     c - +0 shield
rPois  .         Gourm    .     (no helmet)
rElec  .         Spirit   .     s - +0 cloak
rCorr  .         Warding  .     (no gloves)
rMut   .         Stasis   .     (no boots)
MR     .....                    (no amulet)
Stlth  +.........               n - ring of stealth
                                g - ring of protection from cold

@: drained, not resistant to hostile enchantments, very unstealthy
A: slimy green scales 1, demonic guardian 1, nightstalker 2
a: no special abilities


You were on level 3 of the Dungeon.
You were not hungry.

You visited 1 branch of the dungeon, and saw 3 of its levels.

You collected 142 gold pieces.

Inventory:

Hand Weapons
 a - a +0 long sword (weapon)
 j - a cursed -3 hand axe
 m - a +1 short sword of speed
 q - a +0 falchion
Armour
 b - a +0 scale mail
 c - a +0 shield (worn)
 s - a +0 cloak (worn)
 u - a +0 chain mail (worn)
Jewellery
 g - a ring of protection from cold (left hand)
 n - a ring of stealth (right hand)
 o - a cursed -3 ring of evasion {unknown}
Scrolls
 k - a scroll of recharging {unknown}
 l - 3 scrolls of identify
 p - a scroll of teleportation
 t - a scroll of remove curse {unknown}
Potions
 d - 2 potions of might
 f - a potion of invisibility
 r - 2 potions of flight {unknown}
 v - a potion of cancellation
Comestibles
 e - 3 bread rations
 h - 2 beef jerkies
 i - 5 meat rations
 w - 3 chunks of flesh


   Skills:
 + Level 3.5(3.3) Fighting
 + Level 2.1(2.0) Long Blades
 + Level 3.6(3.5) Armour
 + Level 2.0(1.9) Dodging
 + Level 0.4(0.2) Stealth
 + Level 3.4(3.3) Shields


You had 4 spell levels left.
You didn't know any spells.

Dungeon Overview and Level Annotations

Branches:
Dungeon (3/15)

Altars:
Nemelex Xobeh


Innate Abilities, Weirdness & Mutations

You are partially covered in slimy green scales (AC +2).
A weak demonic guardian rushes to your aid.
You are significantly more attuned to the shadows.


Message History

The puff of frost hits the wight.
The wight resists.
The wight hits your white imp with an enchanted falchion.
You block the wight's attack. The wight hits you but does no damage.
Your crimson imp blinks!
Your white imp hits the wight but does no damage.
You hit the wight.
You destroy the wight!
Your base Dodging skill increases to level 2!
You have reached level 5!
Your demonic ancestry asserts itself...
You slip further into the darkness.
You block the wight's attack. x2
Your white imp gestures at the wight.
The puff of frost hits the wight.
The wight resists.
Your white imp hits the wight but does no damage.
Your white imp closely misses the wight.
The wight hits you with a hand axe of freezing.
* * * LOW HITPOINT WARNING * * *
The wight hits you with an enchanted dire flail.
You die...

#. .# #....'....'.# .#
######....#.# #. ###
#.......#.# #.####
...#.#####.#.# ....##
#.#.#####.#.#######....
#......##.#............
###......##.#######>#....
.....5.z.##.# #.#....
###...)z@##.# #......
......5..##.#########....
..>...#.........#...#....
#####.#.###.........####.
#>#.# #.........# #.
#.#.. ##.....)..# #. ##
#.......)# #. #........#
## ########.#####


You could see 2 wights, a friendly crimson imp and a friendly white imp.

Vanquished Creatures
  A wight (D:3)
  Crazy Yiuf (D:2)
  4 adders
  An ooze (D:2)
  A worm (D:3)
  2 giant geckos (D:2)
  3 orcs (D:3)
  2 bats (D:2)
  4 giant cockroaches
  4 goblins
  8 hobgoblins
  5 jackals (D:2)
  2 giant newts
  4 kobolds
  8 rats
50 creatures vanquished.

Vanquished Creatures (collateral kills)
  3 jackals (D:2)
3 creatures vanquished.

Grand Total: 53 creatures vanquished

Notes
Turn   | Place    | Note
--------------------------------------------------------------
     0 | D:1      | thrall606 the Demonspawn Fighter began the quest for the Orb.
     0 | D:1      | Reached XP level 1. HP: 18/18 MP: 1/1
   197 | D:1      | Gained mutation: A weak demonic guardian rushes to your aid. [demonic ancestry]
   197 | D:1      | Reached XP level 2. HP: 24/24 MP: 2/2
   939 | D:2      | Gained mutation: You are slightly more attuned to the shadows. [demonic ancestry]
   939 | D:2      | Reached XP level 3. HP: 15/29 MP: 3/3
  1332 | D:2      | Reached skill level 1 in Dodging
  1440 | D:2      | Noticed Crazy Yiuf
  1448 | D:2      | Killed Crazy Yiuf
  1448 | D:2      | Gained mutation: You are partially covered in slimy green scales (AC +2). [demonic ancestry]
  1448 | D:2      | Reached XP level 4. HP: 32/35 MP: 4/4
  1610 | D:2      | Found a sparkling altar of Nemelex Xobeh.
  1922 | D:3      | Gained mutation: You are significantly more attuned to the shadows. [demonic ancestry]
  1922 | D:3      | Reached XP level 5. HP: 2/41 MP: 5/5
  1924 | D:3      | HP: 1/41 [wight/hand axe of freezing (1)]
  1925 | D:3      | Slain by a wight

Vault maps used:
D:1:      dpeg_arrival_morbid_curiosity, hangedman_decor_points,
          corexii_leaking_fountain
D:2:      nemelex_spade_bored_becter, uniq_crazy_yiuf_cottage

Action                   |  1- 3 |  4- 6 || total
-------------------------+-------+-------++-------
Melee: Long sword        |    91 |    58 ||   149
  Use: Scroll            |     6 |       ||     6
       Potion            |     3 |       ||     3
 Stab: Sleeping          |     1 |     2 ||     3
  Eat: Chunk             |     2 |     2 ||     4
